 Dungeon Crawl Stone Soup version 0.25-a0-41-g6cf4ce537d (webtiles) character file.

Game seed: 9553939419177640849, levelgen mode: deterministic

16 eSaltcracker the Grave Robber (level 2, -1/20 HPs)
             Began as a Ghoul Necromancer on Oct 21, 2019.
             Slain by a gnoll
             ... wielding a +0 spear
              (8 damage)
             ... on level 1 of the Dungeon.
             The game lasted 00:20:38 (681 turns).

eSaltcracker the Grave Robber (Ghoul Necromancer)    Turns: 681, Time: 00:20:39

Health: -1/20      AC:  2    Str: 11    XL:     2   Next: 58%
Magic:  3/3        EV: 12    Int: 10    God:
Gold:   49         SH:  0    Dex:  9    Spells: 3/4 levels left

rFire    . . .     SeeInvis .   (no weapon)
rCold    + . .     Gourm    .   (no shield)
rNeg     + + +     Faith    .   a - +0 robe
rPois    ∞         Spirit   .   (no helmet)
rElec    .         Reflect  .   (no cloak)
rCorr    .         Harm     .   (no gloves)
MR       .....                  (no boots)
Stlth    ++........             (no amulet)
HPRegen  0.00/turn              (no ring)
MPRegen  0.08/turn              (no ring)

@: rotting
A: rotting body, claws 1, carnivore, cold resistance 1, negative energy
resistance 3, inhibited regeneration, torment resistance, unbreathing
a: no special abilities


You were on level 1 of the Dungeon.
You were not hungry.

You visited 1 branch of the dungeon, and saw 1 of its levels.

You collected 49 gold pieces.

Inventory:

Hand Weapons
 b - a +0 dagger
 c - a +0 club
 d - a +0 dagger
 f - a +0 short sword
 g - a +0 club
 m - a +0 dagger
Missiles
 i - 48 stones (quivered)
 l - 7 bolts
Armour
 a - a +0 robe (worn)
Scrolls
 e - a scroll of identify {unknown}
 h - a scroll of enchant weapon {unknown}
 k - a scroll of teleportation {unknown}
Comestibles
 j - a ration
 n - 3 chunks of flesh


   Skills:
 + Level 0.2 Fighting
 + Level 2.1 Dodging
 + Level 2.5 Stealth
 + Level 0.6 Unarmed Combat
 + Level 1.7 Spellcasting
 + Level 4.2 Necromancy


You had 3 spell levels left.
You knew the following spells:

 Your Spells              Type           Power        Failure   Level  Hunger
a - Pain                  Necr           #...         5%          1    ##.....

Your spell library contained the following spells:

 Spells                   Type           Power        Failure   Level  Hunger
 Animate Skeleton         Necr           N/A          5%          1    ##.....
 Vampiric Draining        Necr           #.........   17%         3    ####...
 Regeneration             Chrm/Necr      #.........   38%         3    ####...
 Animate Dead             Necr           N/A          50%         4    #####..


Dungeon Overview and Level Annotations

Branches:
Dungeon (1/15)

Altars:


Innate Abilities, Weirdness & Mutations

Your body is rotting away.
You thrive on raw meat.
You are immune to poison.
You have sharp fingernails.
You are carnivorous and can eat meat at any time.
Your flesh is cold resistant. (rC+)
You are immune to negative energy. (rN+++)
You do not regenerate when monsters are visible.
You are immune to unholy pain and torment.
You can survive without breathing.


Message History

Eating one of 4 chunks of flesh.
You eat one of the 4 chunks of flesh.
You feel more resilient.
This raw flesh tastes great!
A goblin comes into view.
The goblin shouts!
A gnoll comes into view. It is wielding a +0 spear.
The gnoll shouts!
You completely miss the goblin. The goblin hits you. The gnoll misses you.
You closely miss the goblin. The goblin closely misses you.
The gnoll hits you but does no damage.
You scratch the goblin.
The goblin is severely wounded.
The goblin hits you.
The gnoll hits you from afar with a +0 spear.
You scratch the goblin but do no damage.
The goblin is severely wounded.
The goblin hits you. The gnoll misses you.
You scratch the goblin.
You kill the goblin!
The gnoll hits you from afar with a +0 spear!
You die...

.# #.# .# #.#
######## .# ##.##
#...)..#
.###...####.####.#
............####.####
.###...#####........#
.# ##.## #..##.##.#
.# #.# #..##.# # .#
#.# #..##@# .# #+##
..##.# .# #...##
..##g# .##.....# #.#
.#....... ...
......... ...
......... .....
...g..... ....#
.#....... .#.#..


You could see a gnoll.

Vanquished Creatures
  A dart slug (D:1)
  A giant cockroach (D:1)
  5 goblins (D:1)
  3 jackals (D:1)
  2 kobolds (D:1)
12 creatures vanquished.

Notes
Turn   | Place    | Note
-------+----------+-------------------------------------------
     0 | D:1      | eSaltcracker the Ghoul Necromancer began the quest for the
                  | Orb.
     0 | D:1      | Reached XP level 1. HP: 14/14 MP: 2/2
   231 | D:1      | Reached XP level 2. HP: 7/20 MP: 3/3
   310 | D:1      | HP: 1/20 [kobold/+0 short sword (3)]
   681 | D:1      | Slain by a gnoll

Levels and vault maps discovered:
D:1:      dpeg_arrival_fog, layout_loops_corners, minivault_24

Skill      XL: |  1 |
---------------+----+-----
Dodging        | 2 |  2.1
Fighting       | |  0.2
Stealth        | |  2.5
Unarmed Combat | |  0.6
Spellcasting   | |  1.7
Necromancy     | |  4.2

Action                   || total
-------------------------++-------
Melee: Unarmed           ||    72
       Club              ||     5
  Eat: Chunk             ||    11
       Ration            ||     1
Armor: Robe              ||     8
Dodge: Dodged            ||    48

Table legend:
 A = Non-vault XP
 B = Vault XP
 C = Vault XP percentage of total XP
 D = Non-vault monster count
 E = Vault monster count
 F = Vault count percentage of total count
                 A         B        C        D         E       F
            +---------+---------+-------+---------+---------+-------
      Total |      24 |       0 |   0.0 |      12 |       0 |   0.0
            +---------+---------+-------+---------+---------+-------
        D:1 |      24 |       0 |   0.0 |      12 |       0 |   0.0
            +---------+---------+-------+---------+---------+-------
